 Dungeon Sprint DCSS version 0.17-a0-1650-gce8475a (webtiles) character file.

448 LilCorpsy the Spear-Bearer (level 7, 0/60 HPs)
             Began as a Merfolk Gladiator on Aug 13, 2015.
             Was an Initiate of Okawaru.
             Slain by Sonja
             ... wielding a +0 dagger of distortion
              (2 damage)
             ... in the Dungeon (Sprint I: "Red Sonja").
             The game lasted 00:02:40 (337 turns).

LilCorpsy the Spear-Bearer (Merfolk Gladiator)       Turns: 337, Time: 00:02:40

Health: 0/60       AC:  3    Str: 15    XL:     7   Next: 3%
Magic:  7/7        EV: 21    Int:  8    God:    Okawaru [......]
Gold:   297        SH:  0    Dex: 16    Spells: 0 memorised, 6 levels left

rFire  . . .     SeeInvis .     d - +0 scythe
rCold  . . .     Clarity  .     l - +1 robe {Archmagi}
rNeg   . . .     SustAt   .     (no shield)
rPois  .         Gourm    .     b - +0 hat
rElec  .         Spirit   .     (no cloak)
rCorr  .         Warding  .     (no gloves)
rMut   .         NoTele   +     (no boots)
MR     .....                    (no amulet)
Stlth  +.........               (no ring)
                                (no ring)

@: very slightly contaminated, hasted, very quick, not resistant to hostile
enchantments, very unstealthy
A: change form in water, swift swim
a: Renounce Religion


You were in the Dungeon.
You worshipped Okawaru.
Okawaru was noncommittal.
You were not hungry.

You visited 1 branch You collected 297 gold pieces.

Inventory:

Hand weapons
 d - a +0 scythe (weapon)
Armour
 b - a +0 hat (worn)
 l - a +1 robe of the Archmagi (worn)
Scrolls
 k - a scroll of blinking
Potions
 f - a potion of curing
 g - a potion of heal wounds
 i - 2 potions of magic
 j - a potion of berserk rage
 m - a potion of might {unknown}
Comestibles
 e - a bread ration


   Skills:
 + Level 7.4 Fighting
 * Level 13.2 Polearms
 - Level 2.0 Throwing
 * Level 12.3 Dodging


You had 6 spell levels left.
You didn't know any spells.

Dungeon Overview and Level Annotations

Branches:
Dungeon (1/1)

Altars:
Elyvilon
Gozag
Kikubaaqudgha
Makhleb
Nemelex Xobeh
Okawaru
Qazlal
Ru
Sif Muna
Trog
Vehumet
Xom
Yredelemnul
Zin
The Shining One

Shops:
D [

Annotations:
D Sonja


Message History

Space warps horribly around you!
* * * LOW HITPOINT WARNING * * *
You are too injured to fight recklessly!
You completely miss Sonja.
Sonja is heavily wounded.
Sonja barely misses you.
Sonja hits you with an uncursed dagger of distortion.
* * * LOW HITPOINT WARNING * * *
You feel a strange sense of stasis. Sonja hits you but does no damage.
You feel a strange sense of stasis.
Sonja hits you with an uncursed dagger of distortion!
* * * LOW HITPOINT WARNING * * *
Space bends around you.
* * * LOW HITPOINT WARNING * * *
Sonja misses you. x2
You barely miss Sonja.
Sonja is heavily wounded.
Sonja misses you.
Sonja hits you with an uncursed dagger of distortion.
You die...

#..'[.#..').#..+
#..#####'#####'#
#..####..#...#[#
#..#__####..##.#
#..#_..__##'#(.+
#⌠⌠#_.∩...†.(._#
####_..._##_.#(#
#_____###'#[#
####### #@###


+$K$+ #$.$# ##.## #+# You could see Sonja.

Vanquished Creatures
  Sigmund (D)
  A yak (D)
  An ogre (D)
  A jelly (D)
  Ijyb (D)
5 creatures vanquished.

Notes
Turn   | Place    | Note
--------------------------------------------------------------
     0 | D        | LilCorpsy the Merfolk Gladiator began the quest for the Orb.
     0 | D        | Reached XP level 1. HP: 16/16 MP: 1/1
     1 | D        | Noticed Ijyb
    14 | D        | Killed Ijyb
    14 | D        | Reached skill level 6 in Polearms
    14 | D        | Reached XP level 2. HP: 21/24 MP: 2/2
    14 | D        | Reached XP level 3. HP: 25/29 MP: 3/3
    17 | D        | Noticed an ogre
    30 | D        | Killed an ogre
    30 | D        | Reached skill level 5 in Fighting
    30 | D        | Reached skill level 9 in Polearms
    30 | D        | Reached XP level 4. HP: 30/39 MP: 4/4
    30 | D        | Reached XP level 5. HP: 33/44 MP: 5/5
   115 | D        | Noticed Sigmund
   119 | D        | Killed Sigmund
   119 | D        | Reached skill level 11 in Polearms
   119 | D        | Reached XP level 6. HP: 47/53 MP: 6/6
   166 | D        | Found a deep blue altar of Sif Muna.
   169 | D        | Noticed a jelly
   170 | D        | Found a radiant altar of Vehumet.
   175 | D        | Killed a jelly
   175 | D        | Reached skill level 12 in Polearms
   240 | D        | Found Qovuej's Armour Emporium.
   240 | D        | Found a white marble altar of Elyvilon.
   240 | D        | Found a stormy altar of Qazlal.
   240 | D        | Found a basalt altar of Yredelemnul.
   240 | D        | Found an iron altar of Okawaru.
   240 | D        | Found a sparkling altar of Nemelex Xobeh.
   240 | D        | Found a shimmering altar of Xom.
   240 | D        | Found an ancient bone altar of Kikubaaqudgha.
   240 | D        | Noticed a yak
   249 | D        | Killed a yak
   249 | D        | Reached skill level 13 in Polearms
   249 | D        | Reached XP level 7. HP: 48/60 MP: 7/7
   305 | D        | Found a burning altar of Makhleb.
   305 | D        | Found a sacrificial altar of Ru.
   305 | D        | Found a glowing golden altar of the Shining One.
   305 | D        | Found an opulent altar of Gozag.
   305 | D        | Found a glowing silver altar of Zin.
   306 | D        | Found a bloodstained altar of Trog.
   310 | D        | Became a worshipper of Warmaster Okawaru
   318 | D        | Noticed Sonja
   336 | D        | HP: 2/60 [Sonja/uncursed dagger of distortion (4)]
   337 | D        | Slain by Sonja

Vault maps used:
D:        dungeon_sprint_1

Action                   |  1- 3 |  4- 6 |  7- 9 || total
-------------------------+-------+-------+-------++-------
Melee: Trident           |    23 |     3 |       ||    26
       Scythe            |       |    12 |     6 ||    18
Throw: Throwing net      |     2 |     2 |       ||     4
  Use: Potion            |       |       |     1 ||     1
 Stab: Held in net/web   |     2 |       |       ||     2
